AoeStats
← gonzalordz88

Arabia

510642915Analyzed
1v1 RM · 15h ago on Oct 1, 2026· 52m 33s· 2 players
Game mode
Random Map
Map size
Tiny (2 player)
Population
200
Speed
Normal
Resources
Standard
Victory
Conquest
Starting age
Dark Age
Ending age
Imperial Age
RankedLock teamsTeams togetherTeam positionsShared explorationLock speedFull tech treeHidden civsTurbo modeCheats
Victory
Defeat
🇪🇸 Britons · Spain
125
+19
🇧🇷 Teutons · Brazil
182
-19
gonzalordz88
13:18 Feudal Age
14:07 Double-Bit Axe
14:12 Horse Collar
17:00 Scale Barding Armor
19:30 Padded Archer Armor
19:21 Fletching
27:24 Castle Age
25:44 Scale Mail Armor
25:54 Forging
27:53 Gold Mining
30:50 Gold Shaft Mining
30:29 Bow Saw
29:48 Crossbowman
31:11 Heavy Plow
31:31 Leather Archer Armor
31:12 Bodkin Arrow
31:13 Light Cavalry
32:37 Husbandry
34:36 Chain Barding Armor
36:45 Wheelbarrow
36:10 Town Watch
40:01 Chain Mail Armor
40:22 Iron Casting
42:52 Imperial Age
43:30 Ballistics
43:17 Murder Holes
44:08 Yeomen
43:50 Stone Mining
44:43 Pikeman
46:40 Arbalester
51:54 Cavalier
jão2k
9:41 Feudal Age
9:31 Loom
10:26 Double-Bit Axe
13:20 Wheelbarrow
15:28 Horse Collar
16:42 Bloodlines
16:44 Scale Barding Armor
19:22 Forging
19:16 Scale Mail Armor
23:31 Castle Age
23:24 Arson
30:35 Hand Cart
31:08 Bow Saw
30:52 Stone Mining
30:53 Gold Mining
34:35 Chain Barding Armor
34:52 Iron Casting
37:14 Ballistics
38:25 Stone Shaft Mining
45:57 Imperial Age
46:14 Cavalier
46:51 Elite Teutonic Knight
49:11 Paladin
51:19 Paladin
Connection lost

Rejoining the realm…

Still unreachable

The connection could not be restored.

Session expired

The server has moved on; the page needs a fresh start.